 Dungeon Crawl Stone Soup version 0.15.2 (webtiles) character file.

5137 kae the Martial Artist (level 10, 0/68 (71) HPs)
             Began as a Red Draconian Transmuter on Feb 6, 2015.
             Was a Follower of Sif Muna.
             Succumbed to a killer bee's poison
             ... on Level 9 of the Dungeon.
             The game lasted 00:24:19 (13118 turns).

kae the Martial Artist (Red Draconian Transmuter)  Turns: 13118, Time: 00:24:20

HP   0/68 (71)   AC  2     Str 12      XL: 10   Next: 33%
MP  13/16        EV 20     Int 14      God: Sif Muna [*.....]
Gold 473         SH  0     Dex 22      Spells:  3 memorised,  7 levels left

rFire  . . .     SeeInvis .       - Unarmed
rCold  + . .     Clarity  .     (armour unavailable)
rNeg   . . .     rCorr    .     (shield currently unavailable)
rPois  x         rRot     .     (helmet currently unavailable)
rElec  .         Spirit   .     (cloak currently unavailable)
SustAb .         Warding  .     (gloves currently unavailable)
rMut   +         Stasis   .     (boots currently unavailable)
Gourm  .                        h - amulet of resist mutation
MR     .....                    m - +2 ring of dexterity
                                N - ring of protection from cold

@: lethally poisoned, spider-form, not resistant to hostile enchantments,
unstealthy
A: (breathe fire), unfitting armour, (fire resistance 0), (cold-blooded), AC +7
a: End Transformation, Channel Energy, Renounce Religion


You were on level 9 of the Dungeon.
You worshipped Sif Muna.
Sif Muna was aware of your devotion.
You were not hungry.
You were in spider-form.
You visited 1 branch of the dungeon, and saw 9 of its levels.
You also visited: Sewer.

You collected 473 gold pieces.

Inventory:

Hand weapons
 u - a +0 mace
Missiles
 b - 174 arrows
 c - 10 poisoned arrows
 M - 25 arrows of frost
 S - 12 arrows of flame
Magical devices
 J - a wand of confusion (6) {unknown}
 L - a wand of frost (14) {unknown}
 P - a wand of lightning (4) {unknown}
Comestibles
 a - 8 bread rations
 k - 3 slices of pizza
 p - 6 meat rations
 w - 9 beef jerkies
 G - 3 fruits
Scrolls
 g - a scroll of blinking
 j - 6 scrolls of enchant weapon
 n - a scroll of teleportation
 r - 4 scrolls of identify
 E - 2 scrolls of recharging
 H - 3 scrolls of fear
 I - 2 scrolls of magic mapping
 K - 5 scrolls of remove curse
 T - a scroll of enchant armour
 U - a scroll of fog
Jewellery
 f - an uncursed ring of wizardry
 h - an amulet of resist mutation (around neck)
 m - a +2 ring of dexterity (right front leg)
 x - a cursed ring of fire
 y - an uncursed ring of teleportation
 N - a ring of protection from cold (left front leg)
Potions
 e - 2 potions of curing
 i - 2 potions of brilliance
 l - a potion of magic {unknown}
 o - 2 potions of lignification
 q - a potion of mutation {unknown}
 s - 3 potions of heal wounds
 t - a potion of cure mutation {unknown}
 z - 2 potions of might
 A - 3 potions of flight
 B - a potion of agility {unknown}
 D - a potion of haste {unknown}
 F - a potion of degeneration {unknown}
Books
 d - a book of Changes

   Spells                             Type                      Level
   *Beastly Appendage                 Transmutation                1
   *Sticks to Snakes                  Transmutation                2
   *Spider Form                       Transmutation/Poison         3
   Ice Form                           Ice/Transmutation            4
   Blade Hands                        Transmutation                5
 C - a book of Fire

   Spells                             Type                      Level
   Ignite Poison                      Fire/Transmutation           5
   Fireball                           Conjuration/Fire             5
   Bolt of Fire                       Conjuration/Fire             6
   Delayed Fireball                   Conjuration/Fire             7
   Ring of Flames                     Charms/Fire                  7
 O - Qurchel's Catalogue of Flight and Battle Magic
   (You found it on level 8 of the Dungeon)

   Spells                             Type                      Level
   Repel Missiles                     Charms/Air                   2
   Mephitic Cloud                     Conjuration/Poison/Air       3
   Summon Lightning Spire             Summoning/Air                4
   Lightning Bolt                     Conjuration/Air              5
   Conjure Ball Lightning             Conjuration/Air              6


   Skills:
 - Level 1.1 Fighting
 - Level 1.7 Dodging
 * Level 12.5 Unarmed Combat
 - Level 2.0 Spellcasting
 + Level 9.1 Transmutations


You had 7 spell levels left.
You knew the following spells:

 Your Spells              Type           Power        Failure   Level  Hunger
a - Beastly Appendage     Trmt           ####..       4%          1    ##.....
b - Sticks to Snakes      Trmt           ####......   4%          2    ###....
c - Spider Form           Trmt/Pois      ##........   28%         3    ####...


Dungeon Overview and Level Annotations

Branches:
Dungeon (9/15)             Temple (0/1) D:5             Orc (0/4) D:9
   Lair: D:8-11

Altars:
Ashenzari
Dithmenos
Elyvilon
Fedhas
Kikubaaqudgha
Nemelex Xobeh
Qazlal
Sif Muna
Vehumet
Xom
Zin
The Shining One

Shops:
D:9 ?


Innate Abilities, Weirdness & Mutations

((You can breathe blasts of fire.))
((Your fiery red scales are hard (AC +7).))
Your body does not fit into most forms of armour.
((Your flesh is heat resistant.))
((Your cold-blooded metabolism reacts poorly to cold.))


Message History

You are lethally poisoned!
The killer bee poisons you!
You hit the killer bee but do no damage.
The killer bee is lightly wounded.
* * * LOW HITPOINT WARNING * * *
You feel sick. The killer bee stings you.
* * * LOW HITPOINT WARNING * * *
You are more poisoned.
The killer bee poisons you!
You hit the killer bee.
The killer bee is lightly wounded.
* * * LOW HITPOINT WARNING * * *
You feel very sick. The killer bee stings you!
* * * LOW HITPOINT WARNING * * *
You are more poisoned.
The killer bee poisons you! The killer bee misses you.
You hit the killer bee.
The killer bee is poisoned.
The killer bee is heavily wounded.
You die...

.#.#.#.####.###.....#'######..##.
..............#............#.....
.#.#.#.#............#......+.....
............ .#.....#......#.....
.#.#.#.#.. .#.....#.....##...##
....(..... .#.....#..(..##...#.
.#.#.#.#.# ##+#.....#..........#.
.........###(..%....#..........#.
.#.#.#.#...#)...s...#..........#.
...........+.....y..#..........#.
...........#........#..........#.
....%......#...................#.
......%....#........#..........'.
...........#........####+###..##.
...........#..∩.....#....###..#..
#'###......#........#.........#..
...#######.#........#.........'..


You could see a killer bee.

Vanquished Creatures
  Joseph (D:7)
  A two-headed ogre (D:9)
  Eustachio (D:7)
  A hippogriff (D:9)
  Menkaure (D:5)
  A warg (D:9)
  A water moccasin (D:9)
  2 orc warriors
  A black bear (D:7)
  An ice beast (D:5)
  2 sky beasts
  2 necrophages
  4 ogres
  2 centaurs
  Duvessa (D:6)
  3 big kobolds
  A wyvern skeleton (D:9)
  2 scorpions
  6 killer bees (D:9)
  A yak zombie (D:7)
  A hippogriff zombie (D:8)
  4 wights (D:7)
  A troll skeleton (D:8)
  Dowan (D:6)
  3 crimson imps
  7 hounds
  10 jellies
  4 orc priests
  6 orc wizards
  11 worker ants
  Ijyb (D:5)
  2 hound zombies (D:9)
  7 adders
  7 gnolls
  2 shadow imps
  3 giant mites
  8 worms
  An iguana skeleton (D:6)
  An adder zombie (D:7)
  5 giant geckos
  33 orcs
  24 bats
  A bat zombie (D:7)
  8 giant cockroaches
  14 goblins
  20 hobgoblins
  A jackal (D:2)
  6 quokkas
  5 ball pythons
  A giant gecko zombie (D:7)
  6 giant newts
  A hobgoblin skeleton (D:4)
  35 kobolds
  A kobold zombie (D:6)
  2 orc zombies
  13 rats
  2 plants
293 creatures vanquished.

Vanquished Creatures (others)
  A quokka (D:4)
1 creature vanquished.

Grand Total: 294 creatures vanquished

Notes
Turn   | Place    | Note
--------------------------------------------------------------
     0 | D:1      | kae, the Draconian Transmuter, began the quest for the Orb.
     0 | D:1      | Reached XP level 1. HP: 16/16 MP: 3/3
   230 | D:1      | Reached XP level 2. HP: 23/23 MP: 4/4
   822 | D:1      | Reached skill level 4 in Unarmed Combat
   822 | D:1      | Reached XP level 3. HP: 12/28 MP: 6/6
  1297 | D:2      | Found a shimmering altar of Xom.
  1314 | D:2      | Reached XP level 4. HP: 28/35 MP: 7/7
  1873 | D:2      | Reached skill level 5 in Unarmed Combat
  1889 | D:2      | Reached XP level 5. HP: 30/40 MP: 9/9
  1979 | D:2      | Learned a level 2 spell: Sticks to Snakes
  1983 | D:2      | Learned a level 3 spell: Spider Form
  2213 | D:2      | Found a shattered altar of Ashenzari.
  2213 | D:2      | Found a blossoming altar of Fedhas.
  2214 | D:2      | Found a shadowy altar of Dithmenos.
  2215 | D:2      | Found a deep blue altar of Sif Muna.
  2218 | D:2      | Found a glowing golden altar of the Shining One.
  2307 | D:2      | Became a worshipper of Sif Muna the Loreminder
  3258 | D:3      | Found a glowing drain.
  3264 | Sewer    | Entered a sewer
  3378 | Sewer    | Reached XP level 6. HP: 19/47 MP: 7/10
  3986 | D:4      | Reached skill level 6 in Unarmed Combat
  4205 | D:4      | Found a stormy altar of Qazlal.
  4302 | D:4      | Found a glowing silver altar of Zin.
  4353 | D:4      | Found a white marble altar of Elyvilon.
  4359 | D:4      | Found a sparkling altar of Nemelex Xobeh.
  4732 | D:4      | Found a radiant altar of Vehumet.
  5226 | D:5      | Entered Level 5 of the Dungeon
  5226 | D:5      | Noticed Ijyb
  5240 | D:5      | Killed Ijyb
  5396 | D:5      | Noticed Menkaure
  5409 | D:5      | Killed Menkaure
  5409 | D:5      | Reached skill level 7 in Unarmed Combat
  5409 | D:5      | Your scales start taking on a fiery red colour.
  5409 | D:5      | Gained mutation: Your flesh is heat resistant. [draconian maturity]
  5409 | D:5      | Reached XP level 7. HP: 27/52 MP: 8/12
  5427 | D:5      | Reached skill level 5 in Transmutations
  5991 | D:5      | Reached skill level 8 in Unarmed Combat
  6045 | D:5      | Reached XP level 8. HP: 29/56 MP: 13/13
  7318 | D:5      | Found a staircase to the Ecumenical Temple.
  7790 | D:6      | Reached skill level 9 in Unarmed Combat
  7906 | D:6      | Found a blossoming altar of Fedhas.
  7971 | D:6      | Found an ancient bone altar of Kikubaaqudgha.
  7982 | D:6      | Acquired Sif Muna's first power
  8207 | D:6      | Noticed Duvessa
  8210 | D:6      | Noticed Dowan
  8232 | D:6      | Killed Duvessa
  8233 | D:6      | HP: 1/56 [Dowan/stone arrow (12)]
  8787 | D:6      | Killed Dowan
  8883 | D:7      | Reached skill level 10 in Unarmed Combat
  8889 | D:7      | Reached XP level 9. HP: 49/61 MP: 14/14
  9051 | D:7      | Noticed Eustachio
  9076 | D:7      | Killed Eustachio
  9386 | D:7      | Noticed Joseph
  9397 | D:7      | HP: 3/61 [Joseph/uncursed quarterstaff (18)]
  9402 | D:7      | Killed Joseph
  9402 | D:7      | Reached skill level 11 in Unarmed Combat
 10008 | D:8      | Identified Qurchel's Catalogue of Flight and Battle Magic
 10958 | D:9      | Found Goap's Magic Scroll Shop.
 11033 | D:9      | Found a staircase to the Orcish Mines.
 11821 | D:9      | Reached XP level 10. HP: 62/68 MP: 16/16
 11836 | D:9      | Reached skill level 12 in Unarmed Combat
 13118 | D:9      | Succumbed to a killer bee's poison

Action                   |  1- 3 |  4- 6 |  7- 9 | 10-12 || total
-------------------------+-------+-------+-------+-------++-------
Melee: Unarmed           |   128 |   357 |   486 |    95 ||  1066
 Cast: Beastly Appendage |     4 |    12 |    28 |    13 ||    57
       Spider Form       |       |     5 |    12 |     3 ||    20
 Abil: Breathe Fire      |       |       |     5 |     2 ||     7
  Use: Scroll            |       |    18 |     3 |     3 ||    24
       Potion            |       |     1 |     6 |     1 ||     8
 Stab: Sleeping          |       |       |     1 |       ||     1
  Eat: Chunk             |     1 |    15 |    22 |     4 ||    42
       Fruit             |       |       |     1 |     1 ||     2
       Beef jerky        |       |       |       |     1 ||     1
